[Event "*** Titled Tuesday Blitz"]
[Site "Chess.com"]
[Date "2020.05.05"]
[Round "10"]
[White "rasmussvane"]
[Black "platy3"]
[Result "1-0"]
[WhiteElo "2875"]
[BlackElo "2725"]
[TimeControl "180+1"]
[EndTime "11:59:57 PDT"]
[Termination "rasmussvane won on time"]

1. Nf3 Nf6 2. g3 d5 3. Bg2 e6 4. O-O c5 5. c4 d4 6. e3 Nc6 7. exd4 cxd4 8. d3 Nd7 9. Re1 Be7 10. Bf4 O-O 11. Na3 Nc5 12. Nc2 a5 13.
Ne5 Nb4 14. a3 Nxc2 15. Qxc2 f6 16. Nf3 e5 17. Bd2 Bf5 18. b4 axb4 19. axb4 Nxd3 20. Rxa8 Qxa8 21. Nh4 Nxe1 22. Bd5+ Kh8 23. Qxf5 Qe8 24. Bxe1 g6 25. Qe6 Bd8 26. Qxe8 Rxe8 27. Bxb7 e4 28. c5 Re5 29. Ng2 g5 30. Kf1 f5 31. f4 Re7 32.
Bc6 Ra7 33. b5 Ra1 34. b6 d3 35. Kf2 Ra2+ 36. Ke3 Re2+ 37. Kd4 Rxe1 38. Ne3 gxf4 39. gxf4 d2 40. Ba4 Ra1 41. Bd1 Ra3 42. Nc4 Ra1 43.
Ne3 Bf6+ 44. Kd5 Ra3 45. Nc4 Rd3+ 46. Kc6 Bd4 47. b7 Rb3 48. Nb6 Rxb6+ 49. cxb6 Be5 50. fxe5 e3 51. b8=Q+ 1-0

[Event "*** Titled Tuesday Blitz"]
[Site "Chess.com"]
[Date "2020.05.05"]
[Round "10"]
[White "Zhani-Z"]
[Black "francyIM"]
[Result "1-0"]
[WhiteElo "2528"]
[BlackElo "2626"]
[TimeControl "180+1"]
[EndTime "11:59:57 PDT"]
[Termination "Zhani-Z won by resignation"]

1. e4 e5 2. Nf3 Nc6 3. Nc3 Nf6 4. Bb5 Bb4 5. O-O O-O 6. d3 Bxc3 7. bxc3 d6 8. Bg5 h6 9. Bh4 Kh7 10. Nd2 g5 11. Bg3 Ne7 12. f3 Ng6 13. Bf2 a5 14.
Bc4 a4 15. a3 c6 16. d4 exd4 17. cxd4 d5 18. Ba2 Be6 19. c3 Qd7 20. Bb1 Kg7 21.
g3 Nh7 22. e5 f6 23. Qc2 Qf7 24. exf6+ Qxf6 25. c4 Bf5 26. Qxf5 Qxf5 27. Bxf5 Rxf5 28. Rab1 Ra7 29. cxd5 Rxd5 30. Nc4 Nf6 31. Ne3 Rda5 32. d5 Nxd5 33. Nxd5 cxd5 34. Bxa7 Rxa7 35. Rfd1 Ne7 36.
Rb6 h5 37. Rd4 Kf7 38. Kf2 Ra5 39. Rxb7 Ke6 40. Rbb4 Nc6 41. Rxa4 Rc5 42. Rd2 Rc1 43. Ra8 d4 44. a4 Kd5 45. a5 Rc5 46. a6 Kc4 47. Rc8 Na7 48. Rxc5+ Kxc5 49. Rb2 Kc4 50. Rb7 d3 51. Rxa7 1-0

[Event "*** Titled Tuesday Blitz"]
[Site "Chess.com"]
[Date "2020.05.05"]
[Round "10"]
[White "TheoSlade"]
[Black "Efremov_Vlad"]
[Result "0-1"]
[WhiteElo "2239"]
[BlackElo "2139"]
[TimeControl "180+1"]
[EndTime "11:59:57 PDT"]
[Termination "Efremov_Vlad won by checkmate"]

1. d4 d5 2. c4 e6 3. Nc3 Nf6 4. cxd5 Nxd5 5. e4 Nxc3 6. bxc3 c5 7. a3 cxd4 8. cxd4 Be7 9. Nf3 O-O 10. Bd3 b6 11. O-O Bb7 12. Bb2 Nd7 13. Qe2 h6 14. Ba6 Qc8 15. Bxb7 Qxb7 16. d5 exd5 17. exd5 Bf6 18.
Rad1 Bxb2 19. Qxb2 Nf6 20. d6 Rad8 21. Rfe1 Qb8 22.
Qd4 Nd7 23. Re7 Nc5 24. Ne5 Ne6 25. Qd5 Nf4 26. Qf3 Rxd6 27. Re1 Ng6 28. Nxf7 Nxe7 29. Qb3 Nd5 30. Nxd6 Qxd6 31. Rd1 Rd8 32. Qa4 Kh8 33. Qxa7 Qc5 34. Qf7 Rf8 35. Qxf8+ Qxf8 36. Rxd5 Qxa3 37. h3 Qb2 38. Rd8+ Kh7 39. Rd7 b5 40. Rb7 b4 41.
f4 b3 42. f5 Qc1+ 43. Kh2 b2 44. f6 b1=Q 45. Rxg7+ Kh8 46. Rg3 Qc7 47. h4 Qf7 48. Rf3 Qb8+ 49. Kh3 Qd8 50. g4 Qfxf6 51. Rxf6 Qxf6 52.
Kg3 Qc3+ 53. Kf4 Kg7 54. Kf5 Qc4 55. h5 Qc5+ 56. Kf4 Kf6 57. Ke4 Kg5 58. Kf3 Qd5+ 59. Kg3 Qd3+ 60. Kf2 Qd4+ 61. Kg2 Qxg4+ 62. Kf2 Qxh5 63.
Kg3 Qg4+ 64. Kf2 Qh3 65. Ke2 Kf4 66. Kf2 Qh2+ 67. Kf1 Kf3 68. Ke1 Qe2# 0-1

[Event "*** Titled Tuesday Blitz"]
[Site "Chess.com"]
[Date "2020.05.05"]
[Round "10"]
[White "Maghalashvili"]
[Black "VincentKeymer"]
[Result "1-0"]
[WhiteElo "2809"]
[BlackElo "2720"]
[TimeControl "180+1"]
[EndTime "12:00:00 PDT"]
[Termination "Maghalashvili won by resignation"]

1. Nf3 d5 2. g3 c6 3. Bg2 Bg4 4. O-O Nd7 5. d4 Ngf6 6. h3 Bf5 7.
c4 e6 8. Nc3 h6 9. Nd2 Be7 10.
e4 dxe4 11. Ndxe4 Nxe4 12. Nxe4 Nf6 13. Nc3 O-O 14. Bf4 Bd6 15. Qd2 Qb8 16. Bxd6 Qxd6 17. Rfe1 Rad8 18. Rad1 Rd7 19. Qe3 Re8 20. b3 a6 21. Rd2 Qb4 22. Ree2 Bg6 23. g4 Red8 24. f4 Qb6 25. Na4 Qa7 26. Nc5 Rd6 27. Kh2 b6 28. Na4 Qc7 29. Nxb6 c5 30. dxc5 Rxd2 31. Rxd2 Rxd2 32.
Qxd2 Qxc5 33. Na4 Qc7 34. Qe3 Nd7 35. c5 h5 36. c6 Nf6 37. Qe5 Ne8 38. Qxc7 Nxc7 39.
Nc5 hxg4 40. hxg4 Kf8 41. b4 Ke7 42. Bf1 Kd6 43. Nxa6 Nxa6 44. Bxa6 Kxc6 45. Bc4 Bc2 46. Kg3 Bd1 47. g5 Bc2 48. Kf3 Kb6 49. Ke3 Kc6 50. Kd4 Kb6 51. Ke5 Kc6 52. Bb3 Bxb3 53. axb3 Kb5 54. g6 fxg6 55. Kxe6 Kxb4 56. Kf7 Kxb3 57. Kxg7 Kc4 58. Kxg6 Kd5 59. f5 1-0

[Event "*** Titled Tuesday Blitz"]
[Site "Chess.com"]
[Date "2020.05.05"]
[Round "10"]
[White "Matibar"]
[Black "KoustavChatterjee1"]
[Result "0-1"]
[WhiteElo "2775"]
[BlackElo "2614"]
[TimeControl "180+1"]
[EndTime "12:00:00 PDT"]
[Termination "KoustavChatterjee1 won by resignation"]

1. Nf3 Nf6 2. c4 e6 3. g3 d5 4.
Bg2 dxc4 5. Qa4+ c6 6. Qxc4 b5 7.
Qc2 Bb7 8. O-O c5 9. a4 b4 10. d3 Nbd7 11. Nbd2 Be7 12. Nc4 O-O 13. a5 a6 14. e4 Bc6 15. Be3 Bb5 16. Nfd2 Ng4 17. Bf4 Bf6 18. Nd6 e5 19. Be3 Nxe3 20. fxe3 Bg5 21.
N2c4 Nb8 22. Rf5 Nc6 23. Raf1 f6 24. Qb3 Kh8 25. Rxg5 Bxc4 26. Nxc4 fxg5 27. Rxf8+ Qxf8 28. Qd1 Rd8 29. Bf1 Qf6 30. Be2 Rf8 31. Qf1 Qxf1+ 32. Bxf1 b3 33. Bh3 Rd8 34. Bf1 Rb8 35. Bh3 Rd8 36. Bf1 Kg8 37. Kf2 Kf7 38. Ke1 Kf6 39. Kd2 Rb8 40. Bh3 Ke7 41. Kc3 Rb4 42. Bc8 Ra4 43.
Kxb3 Ra1 44. Kc3 Nxa5 45. Nxe5 Rc1+ 46. Kd2 Nb3+ 47. Ke2 Rc2+ 48. Kf3 h5 49. Nc4 Rxh2 50. e5 Nd2+ 51. Nxd2 Rxd2 52. Bxa6 Rxb2 53. Bc4 Rb4 54.
Bd5 Ra4 55. Bc6 Rb4 56. Bd5 g4+ 57. Kf2 Rb2+ 58. Kg1 Rd2 59. Be4 Ke6 60. Bg6 Kxe5 61. Bxh5 Rxd3 62. Kf2 Rd2+ 63. Ke1 Rg2 64. Bxg4 Rxg3 0-1

[Event "*** Titled Tuesday Blitz"]
[Site "Chess.com"]
[Date "2020.05.05"]
[Round "10"]
[White "stoleriu"]
[Black "Shuvalov"]
[Result "1-0"]
[WhiteElo "2566"]
[BlackElo "2445"]
[TimeControl "180+1"]
[EndTime "12:00:02 PDT"]
[Termination "stoleriu won on time"]

1. e4 e6 2. d4 d5 3. Nc3 Bb4 4.
exd5 exd5 5. Bd3 Nc6 6. a3 Be7 7. Nge2 Bf6 8. Be3 h5 9. Qd2 Nge7 10. h3 Bf5 11. O-O-O Qd7 12. Rhe1 O-O-O 13. Na4 Bxd3 14. Qxd3 Qf5 15. Nc5 Qxd3 16. Nxd3 Ng6 17. g3 Nce7 18.
Bd2 Nf5 19. c3 c6 20. Ng1 Rde8 21. Nf3 Re4 22. Nc5 Rxe1 23. Rxe1 b6 24. Nd3 Kd7 25. Bg5 Re8 26. Bxf6 gxf6 27. Rxe8 Kxe8 28. Kd2 Nd6 29. Kc2 Ne4 30. Nd2 f5 31. Nf1 Kd7 32. f3 Nd6 33. Ne3 Ke6 34. b3 f4 35. Nxf4+ Nxf4 36. gxf4 Nf5 37. Nf1 h4 38. Kd3 Ng3 39. Ne3 Nh5 40.
Ng2 Kf6 41. Ke3 Ng3 42. Nxh4 Nh5 43. Ng2 Kf5 44. Nh4+ Kf6 45. Ng2 Kf5 46. a4 a5 47.
Kf2 Kf6 48. Ke3 Kf5 49. b4 Kf6 50. bxa5 bxa5 51. Ne1 1-0

[Event "*** Titled Tuesday Blitz"]
[Site "Chess.com"]
[Date "2020.05.05"]
[Round "10"]
[White "bolence16"]
[Black "Kotofeyca"]
[Result "0-1"]
[WhiteElo "2158"]
[BlackElo "2413"]
[TimeControl "180+1"]
[EndTime "12:00:02 PDT"]
[Termination "Kotofeyca won by resignation"]

1. e4 c5 2. Nf3 d6 3. b4 cxb4 4. d4 Nf6 5. Bd3 Bg4 6. O-O e6 7.
a3 d5 8. e5 Ne4 9. Nbd2 Nxd2 10. Qxd2 Bxf3 11. gxf3 Nc6 12. axb4 Bxb4 13. c3 Be7 14.
Ba3 O-O 15. Rfb1 b6 16. Ba6 Bxa3 17. Rxa3 Na5 18. Qe2 Qg5+ 19. Kh1 Qf4 20. Qe3 Qf5 21. Bd3 Qh5 22. f4 Rac8 23. Rg1 f5 24. exf6 Rxf6 25. Rg5 Qd1+ 26. Kg2 Rcf8 27. Qg3 R8f7 28. Ra2 Rxf4 29. Qh3 g6 30. Re2 Rf3 31. Bxg6 Rxh3 32. Bc2+ Rg7 33.
Rxg7+ Kxg7 34. Bxd1 Rxc3 35. Rxe6 Rc7 36. Bf3 Rd7 37.
Re5 Nb3 38. Bxd5 Nxd4 39. Be4 Kf6 40. Re8 Ne6 41. Ra8 Nf4+ 42. Kf3 Ng6 43. Ke3 Ne5 44. f4 Nc4+ 45. Kf3 Nd2+ 46. Ke3 Nxe4 47. Kxe4 Rb7 48.
h4 b5 49. Kd3 b4 50. Kc2 Kf5 51. Rf8+ Kg4 52. f5 Kxh4 53. f6 Kg5 54. Kb3 Kg6 55.
Ka4 b3 56. Rg8+ Kxf6 57. Rg1 b2 58. Rb1 h5 59. Ka5 h4 60. Ka6 Rb3 61. Kxa7 h3 62. Ka6 h2 63. Ka5 h1=Q 64. Ka4 Qxb1 0-1

[Event "*** Titled Tuesday Blitz"]
[Site "Chess.com"]
[Date "2020.05.05"]
[Round "10"]
[White "putra48"]
[Black "serhanberat_ozdemir"]
[Result "1-0"]
[WhiteElo "2627"]
[BlackElo "2498"]
[TimeControl "180+1"]
[EndTime "12:00:03 PDT"]
[Termination "putra48 won on time"]

1. e4 c5 2. Nf3 e6 3. c3 Nf6 4. e5 Nd5 5. d4 cxd4 6. cxd4 d6 7. Bc4 Nb6 8. Bb3 dxe5 9. Nxe5 Bd6 10.
O-O O-O 11. Nc3 N8d7 12. Qe2 a6 13. Re1 Nf6 14. Bg5 Be7 15. Rad1 Nbd5 16. Bc2 h6 17. Bc1 Bd7 18. Nxd5 Nxd5 19. Qd3 f5 20. Qg3 Bh4 21. Qf3 Bg5 22. Bxg5 hxg5 23. Bb3 g4 24. Qg3 Be8 25. Nd3 Bf7 26. Nc5 Re8 27. Qe5 b5 28.
Re2 Qf6 29. Rde1 Qxe5 30. Rxe5 Kf8 31. g3 a5 32. Nxe6+ Bxe6 33. Rxe6 Nc7 34. R6e5 g6 35. Rc1 Rxe5 36. dxe5 a4 37. Rxc7 axb3 38. axb3 Rd8 39. Rb7 Rd5 40. e6 1-0

[Event "*** Titled Tuesday Blitz"]
[Site "Chess.com"]
[Date "2020.05.05"]
[Round "10"]
[White "Biranidun"]
[Black "Kildepiotr"]
[Result "1/2-1/2"]
[WhiteElo "2684"]
[BlackElo "2499"]
[TimeControl "180+1"]
[EndTime "12:00:04 PDT"]
[Termination "Game drawn by repetition"]

1. e4 g6 2. d4 Bg7 3. Nc3 c6 4. f4 d5 5. e5 Nh6 6. Nf3 Bg4 7. h3 Bxf3 8. Qxf3 Nf5 9. Ne2 c5 10. c3 cxd4 11. cxd4 Nc6 12. Qf2 Qb6 13. g4 Nfxd4 14. Nxd4 Qxd4 15. Be3 Qb4+ 16. Qd2 Qxd2+ 17.
Kxd2 e6 18. Bb5 Kd7 19. Rhc1 Rhc8 20. a3 a6 21. Ba4 b5 22. Bd1 Na5 23. b3 Bf8 24. Bb6 Nc6 25. Be2 Rab8 26. Bf2 Na5 27. Bd1 Rxc1 28. Kxc1 Rc8+ 29. Kb2 Bc5 30. Bxc5 Rxc5 31.
Be2 Rc6 32. Bd3 Nb7 33. h4 Nc5 34. Bc2 Ke7 35. Rh1 Nd7 36. h5 Nf8 37. g5 a5 38. Bd3 b4 39. axb4 axb4 40. Ra1 Rc7 41. Ra4 Rb7 42. h6 Nd7 43. Ra8 Nb8 44. Kc2 Kd7 45. Kd2 Kc7 46. Ke3 Rb6 47. Ra7+ Rb7 48. Ra8 Kb6 49. Ra4 Nc6 50. Ra6+ Kc7 51. Ra8 Rb8 52.
Ra6 Kb7 53. Ra4 Ra8 54. Rxa8 Kxa8 55. Bb5 Kb7 56. Bxc6+ Kxc6 57. Kd4 Kb5 58. Ke3 Kc5 59. Kd3 Kc6 60. Kd4 Kb6 61. Kd3 Kc5 62. Ke3 Kb5 63.
Kd4 Kc6 64. Kd3 Kc5 65. Ke3 Kb5 66. Kd4 Kc6 67. Ke3 Kc5 68. Kd3 Kc6 69. Kd4 1/2-1/2

[Event "*** Titled Tuesday Blitz"]
[Site "Chess.com"]
[Date "2020.05.05"]
[Round "10"]
[White "KaterynaLagno"]
[Black "Gulkov_Igor"]
[Result "1/2-1/2"]
[WhiteElo "2598"]
[BlackElo "2454"]
[TimeControl "180+1"]
[EndTime "12:00:05 PDT"]
[Termination "Game drawn by repetition"]

1. e4 c5 2. Nf3 d6 3. d4 cxd4 4. Nxd4 Nf6 5. Nc3 a6 6. Be2 e6 7. O-O Qc7 8. Be3 b5 9. a4 b4 10. Na2 Nxe4 11. Nxb4 Bb7 12. a5 Nd7 13. Nd3 Be7 14.
Bf3 O-O 15. c4 Rfc8 16. b3 Ndc5 17. Nxc5 dxc5 18. Ne2 Rd8 19. Qc2 Nf6 20. Bxb7 Qxb7 21. Rfd1 Rab8 22. Rxd8+ Rxd8 23. Rd1 Rxd1+ 24. Qxd1 Qc7 25.
Qd2 h6 26. f3 Nd7 27. Nc1 Nb8 28. Nd3 Nd7 29. Bf4 Qc6 30. Ne5 Nxe5 31. Bxe5 f6 32. Bc3 Kf7 33. Qd3 Qd6 34. Qe2 f5 35. Be5 Qd8 36. f4 Qxa5 37. Qh5+ g6 38. Qe2 Qd8 39.
h3 Qd7 40. Kh2 Qc6 41. Qd3 Bf6 42. Qc3 Bxe5 43. Qxe5 Qb6 44. Qh8 Qxb3 45. Qh7+ Kf8 46.
Qxh6+ Ke7 47. Qxg6 Qxc4 48. Qg7+ Kd6 49. Qe5+ Kd7 50.
h4 Qe2 51. Qxc5 Qg4 52. Qd4+ Ke7 53. Qc5+ Kf7 54. Qc7+ Kf6 55. Qd8+ Kf7 56. Qd7+ Kf6 57. Qd8+ Kf7 58. Qc7+ Kf6 59. Qc3+ Kf7 60. Qc7+ 1/2-1/2

[Event "*** Titled Tuesday Blitz"]
[Site "Chess.com"]
[Date "2020.05.05"]
[Round "10"]
[White "DenLaz"]
[Black "Kostya26"]
[Result "1-0"]
[WhiteElo "2658"]
[BlackElo "2429"]
[TimeControl "180+1"]
[EndTime "12:00:05 PDT"]
[Termination "DenLaz won by resignation"]

1. d4 d5 2. c4 e6 3. Nf3 Nf6 4. Nc3 c6 5. e3 Nbd7 6. Qc2 Bd6 7. b3 Qe7 8. Be2 dxc4 9. bxc4 e5 10. O-O O-O 11. Bb2 Re8 12. Rad1 e4 13. Nd2 Nf8 14. Rfe1 Bf5 15. Nf1 Rad8 16. d5 Be5 17. Ng3 Bg6 18. Qb3 h5 19. Ba3 Qc7 20. Bc5 h4 21. Nf1 b6 22.
Bd4 c5 23. Nb5 Qb8 24. Bxe5 Rxe5 25. Qc3 Rg5 26. a4 Bh5 27. Bxh5 Nxh5 28. h3 Ng6 29. Qc2 Qe5 30. Nc3 f5 31. d6 Rxd6 32. Rxd6 Qxd6 33. Rd1 Qe7 34. Nd5 Qf7 35. a5 f4 36. exf4 Ngxf4 37. Nxf4 Nxf4 38. Ne3 Nxh3+ 39. Kf1 Nf4 40. Qxe4 g6 41.
Rd8+ Kh7 42. Re8 Kh6 43. axb6 axb6 44. Rh8+ Kg7 45. Rb8 Kh6 46. Rb7 Qf6 47. Rxb6 Qa1+ 48. Rb1 Qc3 49. Qxf4 Qd3+ 50. Kg1 Qxb1+ 51. Kh2 Qb6 52.
Ng4+ Kh5 53. Nf6+ Kh6 54. Ne4 Qd8 55. g3 hxg3+ 56. fxg3 Qf6 57. Nxf6 1-0

[Event "*** Titled Tuesday Blitz"]
[Site "Chess.com"]
[Date "2020.05.05"]
[Round "10"]
[White "grunbergmihai"]
[Black "Juanovic"]
[Result "1-0"]
[WhiteElo "2390"]
[BlackElo "2194"]
[TimeControl "180+1"]
[EndTime "12:00:05 PDT"]
[Termination "grunbergmihai won by resignation"]

1. Nf3 d5 2. c4 c6 3. g3 Nf6 4.
Bg2 g6 5. O-O Bg7 6. d4 O-O 7. Qb3 dxc4 8. Qxc4 Be6 9. Qd3 Bf5 10.
Qd1 Nbd7 11. Nc3 Ne4 12. Bf4 h6 13. Qb3 Qb6 14. Qxb6 Nxb6 15. Ne5 Nxc3 16. bxc3 g5 17. Bd2 Bxe5 18. dxe5 Nc4 19. Bc1 Nxe5 20. f4 gxf4 21. Bxf4 Nc4 22. Bxh6 Be6 23. Bxf8 Rxf8 24. Rad1 Ne3 25.
Rd4 Nxf1 26. Kxf1 Bxa2 27. Ra4 Bd5 28. Rxa7 Bxg2+ 29. Kxg2 Rb8 30. Kf3 Kg7 31. h4 b5 32.
Rxe7 b4 33. cxb4 Rxb4 34. Rc7 Rc4 35. g4 c5 36. h5 Kf6 37. e3 Rc1 38. Kf4 Rf1+ 39.
Ke4 Kg5 40. Rxc5+ Kxg4 41. h6 f5+ 42. Ke5 Rh1 43. Rc6 Kg5 44. Rf6 Rh3 45. Rxf5+ Kxh6 46. e4 Kg6 47. Ke6 Ra3 48. Rf6+ Kg7 49. Rf7+ Kg8 50. Rd7 Kf8 51. Rd8+ Kg7 52. e5 Ra6+ 53. Ke7 Ra7+ 54. Rd7 Ra8 55. e6 Rb8 56. Rd8 Rb7+ 57. Rd7 Rb8 58. Kd6+ Kf8 59. Rf7+ Ke8 60. Rh7 Rb6+ 61.
Ke5 Rxe6+ 1-0

[Event "*** Titled Tuesday Blitz"]
[Site "Chess.com"]
[Date "2020.05.05"]
[Round "10"]
[White "Lubov_Gordyk"]
[Black "Nbk90"]
[Result "1/2-1/2"]
[WhiteElo "2631"]
[BlackElo "2518"]
[TimeControl "180+1"]
[EndTime "12:00:07 PDT"]
[Termination "Game drawn - insufficient material"]

1. e4 c5 2. g3 b6 3. Bg2 Bb7 4. Ne2 e6 5. d3 d6 6. O-O Nd7 7. c4 Ngf6 8. Nbc3 a6 9. f4 Qc7 10.
h3 h5 11. Be3 Be7 12. Rc1 Rc8 13. b3 Qb8 14. a3 O-O 15. Bf3 g6 16. g4 hxg4 17.
hxg4 g5 18. fxg5 Nh7 19. Qd2 Ne5 20. Ng3 Qc7 21. Nf5 exf5 22. gxf5 Qd8 23. f6 Kh8 24. fxe7 Qxe7 25. Kf2 f5 26. Ke2 Nxf3 27. Rxf3 fxe4 28.
dxe4 Rxf3 29. Kxf3 Rf8+ 30. Ke2 Bxe4 31. Rf1 Qe6 32.
Rxf8+ Nxf8 33. Ke1 Bg6 34. Qf2 Qf5 35. Qxf5 Bxf5 36.
Kd2 Ne6 37. Nd5 b5 38. cxb5 axb5 39. a4 bxa4 40. bxa4 Be4 41. Nc3 Bc6 42. Nb5 d5 43.
Bf2 d4 44. Kd3 Kg7 45. Kc4 Kg6 46. a5 Kxg5 47. a6 Kf4 48. a7 Kf3 49. Bh4 Ke3 50. Be7 d3 51. Nc3 d2 52. Bxc5+ Nxc5 53. Kxc5 Ba8 54.
Kb4 Kd3 55. Kb3 Kd4 56. Kc2 Kc5 57. Kxd2 Kb6 58. Kd3 Kxa7 1/2-1/2

[Event "*** Titled Tuesday Blitz"]
[Site "Chess.com"]
[Date "2020.05.05"]
[Round "10"]
[White "TudorAnton"]
[Black "Loiacono_Antonio"]
[Result "1/2-1/2"]
[WhiteElo "2491"]
[BlackElo "2383"]
[TimeControl "180+1"]
[EndTime "12:00:07 PDT"]
[Termination "Game drawn by repetition"]

1. d4 d5 2. Nf3 Nf6 3. c4 c6 4.
Qc2 dxc4 5. Qxc4 Bg4 6. Ne5 Be6 7. Qd3 Nbd7 8. Nxd7 Qxd7 9. Nc3 Bf5 10. e4 Bg6 11.
Be2 e6 12. O-O Be7 13. Rd1 O-O 14. Be3 Rfd8 15. f3 Rac8 16. Rac1 c5 17. dxc5 Qxd3 18. Rxd3 Rxd3 19. Bxd3 Bxc5 20. Bxc5 Rxc5 21. b4 Rc8 22. Kf2 Nd7 23. Ke3 Nb6 24. Rc2 a6 25. a4 f6 26. a5 Nd7 27. Na4 Rxc2 28. Bxc2 e5 29.
Bb3+ Bf7 30. Bd5 Bxd5 31. exd5 Kf7 32. Nc5 Nxc5 33. bxc5 f5 34. g4 g6 35. h4 h5 36. g5 Ke7 37. Kd3 Kd7 38. Kc3 Kc7 39.
Kc2 Kd8 40. Kd2 Ke8 41. Kc3 Kd8 42. Kc4 Kd7 43. d6 Kc6 44. Kc3 b5 45. axb6 a5 46. Kc4 e4 47. fxe4 fxe4 48. d7 Kxd7 49. Kd5 e3 50. c6+ Kc8 51. Kd6 e2 52. b7+ Kb8 53. Kd7 e1=Q 54. c7+ Kxb7 55. c8=Q+ Kb6 56. Qc6+ Ka7 57.
Qc5+ Kb7 58. Qc6+ Ka7 59. Qxg6 Qxh4 60. Qf5 Qd4+ 61. Ke7 Qb4+ 62. Kf7 a4 63. Qd7+ Qb7 64. Qxb7+ Kxb7 65. g6 a3 66. g7 a2 67. g8=Q a1=Q 68.
Qg2+ Kb6 69. Qg6+ Kb7 70. Qxh5 Qa2+ 71. Kg6 Qe6+ 72. Kh7 Qe7+ 73. Kh6 Qf8+ 74. Kh7 Qe7+ 75.
Kh6 Qf8+ 76. Kh7 Qe7+ 1/2-1/2

[Event "*** Titled Tuesday Blitz"]
[Site "Chess.com"]
[Date "2020.05.05"]
[Round "10"]
[White "Keks2017"]
[Black "lupta_robin"]
[Result "1/2-1/2"]
[WhiteElo "2402"]
[BlackElo "2507"]
[TimeControl "180+1"]
[EndTime "12:00:08 PDT"]
[Termination "Game drawn by repetition"]

1. e4 c5 2. Nf3 Nc6 3. d4 cxd4 4. Nxd4 Nf6 5. Nc3 e5 6. Ndb5 d6 7. Bg5 a6 8. Na3 b5 9. Nd5 Be7 10. Bxf6 Bxf6 11. c3 Bg5 12. Nc2 Rb8 13. a4 bxa4 14. Ncb4 Bb7 15. Qxa4 Qd7 16. Bxa6 Nxb4 17. Qxb4 O-O 18.
Bxb7 Rxb7 19. Qa3 Rfb8 20. b4 f5 21. O-O fxe4 22. Qa6 h6 23. Qe2 Qf5 24. Rae1 Rb5 25. c4 Rxd5 26. cxd5 Rxb4 27. Rb1 Rd4 28. Rb5 Rd2 29.
Qc4 e3 30. fxe3 Bxe3+ 31. Kh1 Qg6 32. g3 e4 33. Qc8+ Kh7 34. Rb8 Qg5 35. Qg8+ Kg6 36.
Qe6+ Kh5 37. Qxe4 Rd4 38. Qf3+ Kg6 39. Rf8 Qxd5 40. Qxd5 Rxd5 41. Kg2 Bg5 42. h4 Bf6 43. Kh3 h5 44. Rf3 Rd4 45. Ra8 d5 46. Ra7 Rd2 47.
Rd7 d4 48. Rf4 Re2 49. Rfxd4 Bxd4 50. Rxd4 Re6 51. Rd5 Rf6 52. Rg5+ Kh6 53. Rd5 Rg6 54. Rc5 Rf6 55. Rd5 Rg6 56. Rc5 Rf6 57. Rd5 1/2-1/2

[Event "*** Titled Tuesday Blitz"]
[Site "Chess.com"]
[Date "2020.05.05"]
[Round "10"]
[White "Pittiplatsh"]
[Black "WoolworthsManly"]
[Result "1/2-1/2"]
[WhiteElo "2533"]
[BlackElo "2651"]
[TimeControl "180+1"]
[EndTime "12:00:09 PDT"]
[Termination "Game drawn by agreement"]

1. e4 e5 2. Nf3 Nc6 3. d4 exd4 4.
Nxd4 Nf6 5. Nxc6 bxc6 6. e5 Qe7 7. Qe2 Nd5 8. c4 Ba6 9. Nd2 f6 10. Qe4 Nb6 11. exf6 gxf6 12. Qxe7+ Bxe7 13. b3 c5 14. Bd3 d5 15. O-O Kf7 16. Re1 Rad8 17. Be2 h5 18.
cxd5 Bxe2 19. Rxe2 Rxd5 20. Bb2 Rhd8 21. Ne4 c4 22. Rae1 R8d7 23. g3 cxb3 24. axb3 Rd3 25. Re3 Rxe3 26. Rxe3 Nd5 27. Rf3 Ke6 28. h4 c5 29. Nd2 Nb6 30. Re3+ Kf7 31. Ne4 Rd1+ 32. Kg2 Nd5 33. Rf3 Ke6 34. Nc3 Nxc3 35. Bxc3 Rc1 36. Re3+ Kf7 37. Rf3 a6 38. Rd3 Ke6 39. Kf3 Bd6 40.
Re3+ Kf5 41. Rd3 Ke6 42. Re3+ Be5 43. Bxe5 fxe5 44. g4 hxg4+ 45. Kxg4 Rg1+ 46. Kh3 Kf5 47. Rc3 Rb1 48. Kg3 Ke4 49. h5 Rg1+ 50. Kh2 Rg8 51. Rxc5 Rh8 52. Rc4+ Kf3 53. Kg1 Rxh5 54. Rc3+ Kf4 55.
Rc4+ e4 56. Ra4 Rg5+ 57. Kf1 Rb5 58. b4 Kf3 59. Ra3+ Kf4 60. Rxa6 Rxb4 61. Ra3 Rb2 62. Kg2 Rc2 63. Rb3 Rd2 1/2-1/2

[Event "*** Titled Tuesday Blitz"]
[Site "Chess.com"]
[Date "2020.05.05"]
[Round "10"]
[White "dpopadic"]
[Black "AwareIdea"]
[Result "0-1"]
[WhiteElo "2352"]
[BlackElo "2555"]
[TimeControl "180+1"]
[EndTime "12:00:09 PDT"]
[Termination "AwareIdea won by resignation"]

1. e4 e5 2. Nf3 Nc6 3. Bb5 a6 4. Ba4 Nf6 5. O-O Nxe4 6. d4 b5 7. Bb3 d5 8. dxe5 Be6 9. Nbd2 Nc5 10. c3 Nxb3 11. Nxb3 Be7 12. h3 O-O 13. Be3 a5 14.
Rc1 a4 15. Nbd4 Na7 16. Qe2 Qd7 17. Rfd1 c5 18. Nxe6 fxe6 19. b3 axb3 20. axb3 Nc6 21. Ra1 c4 22. Rxa8 Rxa8 23. bxc4 bxc4 24. Qxc4 Rf8 25.
Qe2 Na5 26. c4 Rxf3 27. Qxf3 Nxc4 28. Bd4 h6 29. Ra1 Qe8 30. Ra7 Bf8 31. Qb3 Nd2 32.
Qa2 Ne4 33. Ra8 Qc6 34. Be3 Kf7 35. Qb1 Qxa8 36. f3 Nc5 37. Qb5 Qc8 38. Qb6 Nd7 39. Qa7 Bc5 40. Bxc5 Qxc5+ 41. Qxc5 Nxc5 42. Kf2 Nd3+ 43. Ke3 Nxe5 44. g4 Nd7 45. f4 Kf6 46. h4 g5 47. fxg5+ hxg5 48. h5 e5 49. Kd3 Nf8 50. Ke3 Ke6 51. Kd3 Nh7 52. Ke3 Nf6 53. Kf3 Ng8 54. Kg3 Nh6 55. Kf3 e4+ 56. Kg3 Ke5 57. Kh3 d4 58. Kg3 d3 59. Kf2 Kf4 0-1

[Event "*** Titled Tuesday Blitz"]
[Site "Chess.com"]
[Date "2020.05.05"]
[Round "10"]
[White "shav3184"]
[Black "AshotParvanyan"]
[Result "0-1"]
[WhiteElo "2340"]
[BlackElo "2480"]
[TimeControl "180+1"]
[EndTime "12:00:10 PDT"]
[Termination "AshotParvanyan won by checkmate"]

1. e4 d6 2. d4 Nf6 3. Nc3 g6 4. Nf3 Bg7 5. Be2 O-O 6. O-O c6 7. Be3 Nbd7 8. h3 e5 9. dxe5 dxe5 10. Nd2 b5 11. a4 b4 12. Na2 a5 13. c3 c5 14. Nc4 Bb7 15. Nd6 Bxe4 16. Nxe4 Nxe4 17.
Bf3 Ndf6 18. Qc2 Qd5 19. c4 b3 20. Qxb3 Qe6 21. Qc2 Qf5 22. Nc3 Nxc3 23. Qxc3 e4 24.
Be2 Rfc8 25. Qc2 Nh5 26. Bg4 Qf6 27. Bxh5 gxh5 28. Rab1 Qe6 29. Rfd1 Rab8 30. b3 h6 31. Rd5 Qg6 32. Rbd1 Bf6 33. Bxc5 Rd8 34. Be3 Rxd5 35. Rxd5 Bg5 36. Bxg5 hxg5 37. Qd2 f6 38. Rd7 Re8 39. Qd5+ Kh8 40. Qb7 Rf8 41. Qc7 e3 42. fxe3 g4 43. h4 g3 44. Qf4 Qb1+ 45. Qf1 Qxb3 46. Rd4 Qxe3+ 47. Kh1 Qxd4 48. Qf5 Qxh4+ 49. Kg1 Qh2+ 50. Kf1 Qh1+ 51. Ke2 Qxg2+ 52. Kd3 Rd8+ 53. Kc3 Qd2+ 54.
Kb3 Rb8+ 55. Ka3 Qb2# 0-1

[Event "*** Titled Tuesday Blitz"]
[Site "Chess.com"]
[Date "2020.05.05"]
[Round "10"]
[White "Quattroporte300"]
[Black "Witaliss"]
[Result "1-0"]
[WhiteElo "2339"]
[BlackElo "2439"]
[TimeControl "180+1"]
[EndTime "12:00:10 PDT"]
[Termination "Quattroporte300 won on time"]

1. e4 c6 2. d4 d5 3. Nc3 dxe4 4. Nxe4 Nd7 5. c3 Ngf6 6. Nxf6+ Nxf6 7. Bc4 Qc7 8. Qc2 Bg4 9. Ne2 e6 10. Ng3 Bd6 11. h3 Bh5 12. Nxh5 Nxh5 13. Qe2 Nf6 14. Qf3 O-O 15. O-O c5 16. dxc5 Bxc5 17. Bb3 Rad8 18. Bg5 Be7 19. Rad1 b6 20. Rfe1 Rxd1 21. Rxd1 Rd8 22.
Bc2 h6 23. Bh4 Rxd1+ 24. Qxd1 Nd5 25. Bxe7 Qxe7 26. Qd3 Qg5 27. Kh2 Qf4+ 28. Qg3 g6 29. Qxf4 Nxf4 30. Kg3 e5 31. Kf3 Kg7 32. h4 f5 33. g3 Nd5 34. Bb3 e4+ 35. Ke2 Ne7 36. Ke3 Nc6 37. Bd5 Ne5 38. b4 Kf6 39. c4 Nd3 40. a3 Ne5 41. c5 bxc5 42. bxc5 Ng4+ 43.
Ke2 Ke5 44. Bf7 g5 45. hxg5 hxg5 46. Bb3 f4 47. gxf4+ gxf4 48. a4 a5 49. Bc4 Nf6 50.
Bb3 Ne8 51. c6 Nc7 52. Bc4 Kd6 53. Bb5 Kc5 54. Kd2 1-0

[Event "*** Titled Tuesday Blitz"]
[Site "Chess.com"]
[Date "2020.05.05"]
[Round "10"]
[White "bakki78"]
[Black "davidkalashian"]
[Result "0-1"]
[WhiteElo "2699"]
[BlackElo "2559"]
[TimeControl "180+1"]
[EndTime "12:00:11 PDT"]
[Termination "davidkalashian won by resignation"]

1. e4 c5 2. Nf3 a6 3. g3 d6 4. Bg2 Nf6 5. Qe2 Nc6 6. c3 e6 7. d4 cxd4 8. cxd4 d5 9. e5 Ne4 10.
O-O Be7 11. Be3 O-O 12. Ne1 f6 13. f3 Ng5 14. h4 Nf7 15. f4 Nh6 16. Bf2 Nf5 17. Nf3 fxe5 18. dxe5 Bd7 19. Rd1 Qe8 20. Nbd2 Qg6 21. Nf1 Rac8 22. Kh2 Nh6 23. Ng5 Bxg5 24. hxg5 Nf5 25. Bf3 Qe8 26. Rac1 Nfe7 27. Ne3 Ng6 28. Bh5 Qf7 29. Ng2 Be8 30. Bc5 Nce7 31. Bd6 Rxc1 32. Rxc1 Bb5 33. Qd1 Bc6 34. Nh4 Rd8 35. Bxe7 Qxe7 36. Nxg6 hxg6 37. Bxg6 Be8 38. Bxe8 Qxe8 39.
Kg2 d4 40. Qd3 Qd7 41. Kf3 Qd5+ 42. Kg4 Qxa2 43. Rc7 Qa5 44. Rxb7 Qd5 45. Rc7 Rd7 46. Rc8+ Rd8 47. Rc7 Rd7 48. Rc8+ Rd8 49. Rxd8+ Qxd8 50. Kf3 Qd5+ 51. Qe4 Qb3+ 52. Kg4 d3 53. g6 Qd1+ 54. Kh3 Qf1+ 55. Kh2 Qe2+ 56. Qxe2 dxe2 0-1